 Dungeon Crawl Stone Soup version 0.31-a0-1074-g0b22e4e0f1 (webtiles) character file.

Game seed: 9151849434589583284

154 grandjackal the Trooper (level 5, -3/41 HPs)
             Began as a Demonspawn Gladiator on Dec 3, 2023.
             Slain by a gnoll
             ... wielding a +0 spear
              (4 damage)
             ... on level 3 of the Dungeon.
             The game lasted 00:03:11 (1734 turns).

grandjackal the Trooper (Demonspawn Gladiator)      Turns: 1734, Time: 00:03:12

Health: -3/41      AC:  5    Str: 16    XL:     5   Next: 13%
Magic:  5/5        EV: 12    Int: 10    God:
Gold:   128        SH:  0    Dex: 16    Spells: 4/4 levels left

rFire   . . .        a - +0 war axe
rCold   . . .        (no shield)
rNeg    . . .        b - +0 leather armour
rPois   .            c - +0 helmet
rElec   .            (no cloak)
rCorr   .            (no gloves)
SInv    .            g - +0 pair of boots
Will    .....        (no amulet)
Stlth   ++           (no ring)
HPRegen 0.26/turn    (no ring)
MPRegen 0.09/turn

%: no passive effects
@: no status effects
A: claws 1, thin skeletal structure 1
a: no special abilities


You were on level 3 of the Dungeon.
You visited 1 branch of the dungeon, and saw 3 of its levels.

You collected 128 gold pieces.

Inventory:

Hand Weapons
 a - a +0 war axe (weapon)
Missiles
 d - 3 throwing nets (quivered)
 e - a javelin
Armour
 b - a +0 leather armour (worn)
 c - a +0 helmet (worn)
 g - a +0 pair of boots (worn)
Scrolls
 f - 2 scrolls of teleportation {unknown}
 i - 3 scrolls of identify {unknown}
 j - a scroll of noise {unknown}
 k - a scroll of enchant weapon {unknown}
 m - a scroll of fog {unknown}
 o - a scroll of silence {unknown}
 p - a scroll of vulnerability {unknown}
 q - a scroll of enchant armour {unknown}
Potions
 h - a potion of haste {unknown}
 l - a potion of curing {unknown}
 n - 2 potions of heal wounds {unknown}


   Skills:
 + Level 3.4 Fighting
 - Level 3.1 Axes
 - Level 2.0 Throwing
 - Level 3.0 Dodging
 * Level 2.6 Unarmed Combat


You had 4 spell levels left.
You didn't know any spells.
Your spell library contained the following spells:

 Spells                   Type           Power      Damage    Failure   Level
 Poisonous Vapours        Pois/Air       0%         N/A       56%         2
 Mephitic Cloud           Conj/Pois/Air  0%         N/A       80%         3
 Freezing Cloud           Conj/Ice/Air   0%         6-21      100%        5


Dungeon Overview and Level Annotations

Branches:
Dungeon (3/15)

Altars:
Nemelex Xobeh

Shops:
D:1 :   D:3 *


Innate Abilities, Weirdness & Mutations

You have sharp fingernails.
You have a somewhat thin skeletal structure. (Dex +2, Stealth+)


Message History

There is a stone staircase leading up, spattered with blood here.
The gnoll hits you from afar with a +0 halberd!
There is a stone staircase leading up, spattered with blood here.
The gnoll completely misses you.
The gnoll hits you from afar with a +0 spear.
You climb upwards.
There is a stone staircase leading down, spattered with blood here.
You start resting.
HP restored.
You climb downwards.
There is a stone staircase leading up, spattered with blood here.
The gnoll hits you from afar with a +0 halberd!
The gnoll hits you from afar with a +0 spear!
The gnoll barely misses you. The gnoll barely misses you.
There is a stone staircase leading down here.
The gnoll closely misses you. The gnoll misses you.
The gnoll hits you from afar with a +0 halberd.
The gnoll hits you with a +0 spear! The gnoll hits you with a +0 halberd.
You closely miss the gnoll. x2; The gnoll barely misses you. x2
You barely miss the gnoll. You hit the gnoll but do no damage.
The gnoll hits you with a +0 spear. The gnoll misses you. x2
The gnoll hits you with a +0 halberd.
* * * LOW HITPOINT WARNING * * *
You hit the gnoll.
The gnoll is moderately wounded.
You hit the gnoll but do no damage. The gnoll closely misses you.
The gnoll hits you with a +0 halberd!
* * * LOW HITPOINT WARNING * * *
You barely miss the gnoll.
The gnoll is moderately wounded.
You hit the gnoll. The gnoll barely misses you.
The gnoll hits you with a +0 halberd.
* * * LOW HITPOINT WARNING * * *
You slash the gnoll!
You kill the gnoll!
You hit the gnoll. The gnoll closely misses you.
The gnoll hits you with a +0 spear.
You die...

.### ### ########..###
.# #..######.##......#
## #.......#.#######.#
########g###.#.# #.#
.......g.# #.#.## #.#
.....<...# #....# #.#
........## ###..## #.#
........# #.)g#####.#
........# #.#@......#
.....÷..#
#.####..#######
........#
#.....#>.......
........#
#####.#(.......
........# #.#.#######
........##########.#.#
...................#.#
..######........†....#
..# #...........###


You could see a gnoll.

Vanquished Creatures
  A hound (D:3)
  3 gnolls
  2 adders
  2 dart slugs (D:2)
  3 orcs (D:3)
  A ball python (D:3)
  3 endoplasms
  4 giant cockroaches
  5 goblins
  12 hobgoblins
  13 jackals
  A quokka (D:2)
  4 bats
  5 frilled lizards
  8 kobolds
  6 rats
73 creatures vanquished.

Notes
Turn   | Place    | Note
-------+----------+-------------------------------------------
     0 | D:1      | grandjackal the Demonspawn Gladiator began the quest for
                  | the Orb.
     0 | D:1      | Reached XP level 1. HP: 16/16 MP: 1/1
    25 | D:1      | Found Zihuwul's Vocational Training.
    36 | D:1      | Gained mutation: You have a somewhat thin skeletal
                  | structure. (Dex +2, Stealth+) [demonic ancestry]
    36 | D:1      | Reached XP level 2. HP: 20/22 MP: 2/2
   261 | D:1      | Gained mutation: You have sharp fingernails. [demonic
                  | ancestry]
   261 | D:1      | Reached XP level 3. HP: 25/28 MP: 3/3
   624 | D:2      | Reached skill level 1 in Unarmed Combat
   664 | D:2      | Found a sparkling altar of Nemelex Xobeh.
   924 | D:2      | Reached XP level 4. HP: 27/35 MP: 4/4
  1353 | D:3      | Found a faded altar of an unknown god.
  1473 | D:3      | Found Yseur's Assorted Antiques.
  1497 | D:2      | Reached XP level 5. HP: 20/41 MP: 5/5
  1733 | D:3      | HP: 1/41 [gnoll/+0 halberd (4)]
  1734 | D:3      | Slain by a gnoll

Illustrated notes

Levels and vault maps discovered:
D:1:      minmay_arrival_cross, layout_basic, nicolae_shop_vocational
D:2:      layout_loops_ring, basic_altar
D:3:      layout_basic, serial_shops, shop, shapermc_ecumenical_altar_flowoftime

Skill      XL: |  1  2  3  4 |
---------------+-------------+-----
Throwing       | 2 |  2.0
Axes           | 3 |  3.1
Dodging        | 3 |  3.0
Unarmed Combat | 1 2 |  2.6
Fighting       | 3 |  3.4

Action                     |  1- 3 |  4- 6 || total
---------------------------+-------+-------++-------
  Melee: War axe           |    85 |    66 ||   151
         Punch             |     2 |     1 ||     3
   Stab: Sleeping          |     2 |       ||     2
 Armour: Leather armour    |    51 |    65 ||   116
  Dodge: Dodged            |    73 |    62 ||   135

Table legend: (Time is in decaauts)
 A = Elapsed time spent in this place.
 B = Non-inter-level travel time spent in this place.
 C = Inter-level travel time spent in this place.
 D = Time resting spent in this place.
 E = Time spent auto-exploring this place.
 F = Levels seen in this place.
 G = Mean time per level.
                   A        B        C        D        E       F      G
               +--------+--------+--------+--------+--------+-----+--------+
         Total |   1788 |   1762 |     26 |    235 |   1066 |   3 |  596.0 |
       Dungeon |   1788 |   1762 |     26 |    235 |   1066 |   3 |  596.0 |
               +--------+--------+--------+--------+--------+-----+--------+

Top non-repeatable levels by time:
     D:2: 869 daAuts
     D:1: 471 daAuts
     D:3: 447 daAuts
